 Seeded DCSS version 0.26-b1-59-ge38874ec40 (webtiles) character file.

Game seed: 20201210 (custom seed)

2655 radhat240 the Cleaver (level 9, -5/82 HPs)
             Began as a Hill Orc Fighter on Jan 8, 2021.
             Was an Initiate of Gozag.
             Slain by a two-headed ogre
             ... wielding a +0 giant spiked club
              (11 damage)
             ... on level 8 of the Dungeon.
             The game lasted 00:18:21 (6793 turns).

radhat240 the Cleaver (Hill Orc Fighter)            Turns: 6793, Time: 00:18:21

Health: -5/82      AC: 16    Str: 24    XL:     9   Next: 62%
Magic:  0/9        EV:  5    Int:  8    God:    Gozag
Gold:   1056       SH: 11    Dex: 10    Spells: 8/8 levels left

rFire    + . .     SeeInvis .   t - +1 war axe (elec)
rCold    . . .     Faith    .   c - +0 kite shield
rNeg     + . .     Spirit   +   f - +0 plate armour
rPois    .         Reflect  .   o - +0 helmet
rElec    .         Harm     .   i - +0 cloak
rCorr    .         Rampage  .   (no gloves)
Will     .....                  (no boots)
Stlth    ..........             u - amulet of guardian spirit
HPRegen  0.23/turn              p - ring of protection from fire
MPRegen  0.11/turn              v - ring of positive energy

@: no status effects
A: sense surroundings 2, strong 1
a: Renounce Religion, Potion Petition, Call Merchant, Bribe Branch


You were on level 8 of the Dungeon.
You worshipped Gozag.
Gozag was most pleased with you.
You visited 1 branch of the dungeon, and saw 7 of its levels.

You collected 1056 gold pieces.

Inventory:

Hand Weapons
 t - a +1 war axe of electrocution (weapon)
Armour
 c - a +0 kite shield (worn)
 f - a +0 plate armour (worn)
 i - a +0 cloak (worn)
 o - a +0 helmet (worn)
Jewellery
 k - an uncursed ring of resist corrosion
 n - an uncursed amulet of the acrobat
 p - a ring of protection from fire (left hand)
 u - an amulet of guardian spirit (around neck)
 v - a ring of positive energy (right hand)
Wands
 a - a wand of digging (10)
 q - a wand of flame (11)
Scrolls
 e - a scroll of remove curse
 h - 3 scrolls of teleportation
 l - 2 scrolls of magic mapping
Potions
 b - a potion of lignification
 d - 2 potions of flight {unknown}
 j - 4 potions of curing
 m - 2 potions of haste
 r - a potion of ambrosia
 s - 2 potions of berserk rage {unknown}


   Skills:
 + Level 8.5 Fighting
 + Level 8.9 Axes
 + Level 7.7 Armour
 - Level 0.1 Dodging
 + Level 7.7 Shields


You had 8 spell levels left.
You didn't know any spells.
Your spell library was empty.

Dungeon Overview and Level Annotations

Branches:
Dungeon (6/15)             Temple (0/1) D:6

Altars:
Dithmenos
Gozag
Kikubaaqudgha
Trog
Vehumet
Yredelemnul


Innate Abilities, Weirdness & Mutations

You passively map the area around you.
Your muscles are strong. (Str +2)


Message History

The two-headed ogre hits you with a +0 giant spiked club.
The two-headed ogre hits you with a +0 giant spiked club!
The two-headed ogre hits you with a +0 giant spiked club.
There is a stone staircase leading up here.
The two-headed ogre hits you with a +0 giant spiked club.
The two-headed ogre hits you but does no damage.
You block the two-headed ogre's attack. The two-headed ogre barely misses you.
There is a stone staircase leading down here.
The two-headed ogre hits you with a +0 giant spiked club.
The two-headed ogre hits you with a +0 giant spiked club!
* * * LOW HITPOINT WARNING * * *
The two-headed ogre hits you with a +0 giant spiked club.
* * * LOW HITPOINT WARNING * * *
The two-headed ogre hits you with a +0 giant spiked club!
* * * LOW HITPOINT WARNING * * *
There is a stone staircase leading up here.
You block the two-headed ogre's attack.
The two-headed ogre hits you with a +0 giant spiked club!
You die...
Your body crumbles into a pile of gold.

, , #..#.#
#.......#.# * *
#.#.####.#######.#
** ####........#####
#.## , ,,
#...............#
#...
####...............#
#### ,,,
...#....§>§........#
* ,,
........§§§........#
...#...O#§.....#####
.......§@§§§...#
...#...§#.####.# *
,,,.. #..§.....##.#
* *
,...#....§......#
##### *
,.......(.....###
#....
*####....#.##.#
#.### ####.#....#
#.# #.###### #.# #.#
##########.#


You could see a two-headed ogre.

Vanquished Creatures
  Maggie (D:6)
  Grinder (D:4)
  Eustachio (D:4)
  A wyvern (D:8)
  A sky beast (D:8)
  A water moccasin (D:6)
  A black bear (D:6)
  3 ogres
  2 bullfrogs
  2 scorpions (D:6)
  A wyvern skeleton (D:5)
  4 killer bees (D:8)
  5 wights (D:6)
  2 howler monkeys (D:6)
  4 hounds
  2 orc wizards
  A bullfrog skeleton (D:5)
  5 worker ants
  A hound skeleton (D:4)
  2 worker ant zombies (D:6)
  A gnoll (D:2)
  13 adders
  An ufetubus (D:3)
  An ooze (D:1)
  An adder skeleton (D:8)
  2 worms
  4 dart slugs
  A leopard gecko (D:1)
  9 orcs
  8 giant cockroaches
  12 goblins
  6 hobgoblins
  10 jackals
  5 quokkas
  3 ball pythons
  10 bats
  2 frilled lizards
  7 kobolds
  A quokka skeleton (D:4)
  11 rats
149 creatures vanquished.

Vanquished Creatures (others)
  10 withered plants (D:6)
10 creatures vanquished.

Grand Total: 159 creatures vanquished

Notes
Turn   | Place    | Note
-------+----------+-------------------------------------------
     0 | D:1      | radhat240 the Hill Orc Fighter began the quest for the Orb.
     0 | D:1      | Reached XP level 1. HP: 19/19 MP: 1/1
   118 | D:1      | Reached XP level 2. HP: 27/27 MP: 2/2
   247 | D:1      | Reached XP level 3. HP: 27/33 MP: 3/3
   956 | D:2      | Reached XP level 4. HP: 33/40 MP: 4/4
  1086 | D:2      | Gained mutation: Scrolls take you a little longer to read.
                  | [potion of mutation]
  1086 | D:2      | Gained mutation: You passively map a small area around you.
                  | [potion of mutation]
  1507 | D:2      | Reached XP level 5. HP: 33/47 MP: 5/5
  1644 | D:2      | Found a faded altar of an unknown god.
  1666 | D:2      | Became a worshipper of Gozag Ym Sagoz the Greedy
  2144 | D:2      | Found a shadowy altar of Dithmenos.
  2147 | D:2      | Found a basalt altar of Yredelemnul.
  2150 | D:2      | Found a radiant altar of Vehumet.
  2519 | D:3      | Gained mutation: You tend to lose your temper in combat.
                  | [potion of mutation]
  2519 | D:3      | Gained mutation: You expend magic power (3 MP) to
                  | strengthen your wands. [potion of mutation]
  3172 | D:4      | Reached skill level 5 in Fighting
  3243 | D:4      | Noticed an ogre
  3266 | D:4      | Killed an ogre
  3267 | D:4      | Reached XP level 6. HP: 56/56 MP: 6/6
  3315 | D:4      | Found a bloodstained altar of Trog.
  3476 | D:4      | Reached skill level 5 in Axes
  3485 | D:4      | Noticed Grinder
  3486 | D:4      | Paralysed by Grinder for 3 turns
  3506 | D:4      | Paralysed by Grinder for 7 turns
  3521 | D:4      | Killed Grinder
  3522 | D:4      | Reached skill level 5 in Armour
  3522 | D:4      | Reached skill level 5 in Shields
  3522 | D:4      | Reached XP level 7. HP: 31/62 MP: 7/7
  3712 | D:4      | Noticed Eustachio
  3742 | D:4      | Killed Eustachio
  3948 | D:4      | Reached XP level 8. HP: 22/71 MP: 8/8
  4328 | D:5      | Entered Level 5 of the Dungeon
  5596 | D:6      | Reached XP level 9. HP: 79/79 MP: 9/9
  5649 | D:6      | Noticed Maggie
  5663 | D:6      | Killed Maggie
  5886 | D:6      | Found an ancient bone altar of Kikubaaqudgha.
  5935 | D:6      | Found a staircase to the Ecumenical Temple.
  6172 | D:6      | Lost mutation: You tend to lose your temper in combat.
                  | [potion of mutation]
  6172 | D:6      | Lost mutation: You expend magic power (3 MP) to strengthen
                  | your wands. [potion of mutation]
  6172 | D:6      | Lost mutation: Scrolls take you a little longer to read.
                  | [potion of mutation]
  6172 | D:6      | Gained mutation: You passively map the area around you.
                  | [potion of mutation]
  6172 | D:6      | Gained mutation: Your muscles are strong. (Str +2) [potion
                  | of mutation]
  6377 | D:6      | You fall into a shaft and drop 2 floors!
  6733 | D:8      | Noticed a two-headed ogre
  6793 | D:8      | Slain by a two-headed ogre

Illustrated notes

Levels and vault maps discovered:
D:1:      dpeg_arrival_snail, layout_loops_ring, amcnicky_mini_corridor_feature,
          minmay_cut_off
D:2:      wad_crossroads, layout_basic, grunt_temple_overflow_diamond,
          chequers_ecumenical_altar_simple, chequers_serial_rivers_micro_c,
          st_stairs_9, minmay_misc_feat_x, minmay_fractal_squares_5
D:3:      layout_loops_ring, kennysheep_generic_room_16
D:4:      layout_basic, bloody_trog, kennysheep_small_circle, uniq_eustachio,
          uniq_grinder
D:5:      layout_cave_pools
D:6:      minmay_skewed_foursquare, layout_basic, kiku_gazebo_garden_becter,
          minmay_temple_entry_waves, serial_shops, shop_statue, uniq_maggie
D:8:      layout_basic, serial_shops, shop, nemelex_altar_shiori, uniq_harold

Skill      XL: |  1  2  3  4  5  6  7  8  9 |
---------------+----------------------------+-----
Axes           | 3 4 5 6 7 8 |  8.9
Fighting       | 4 5 6 7 8 |  8.5
Shields        | 4 5 6 7 |  7.7
Armour         | 4 5 6 7 |  7.7
Dodging        | |  0.1

Action                   |  1- 3 |  4- 6 |  7- 9 || total
-------------------------+-------+-------+-------++-------
Melee: War axe           |   121 |   194 |   203 ||   518
Evoke: Wand              |       |       |     2 ||     2
  Use: Scroll            |     2 |     6 |     5 ||    13
       Potion            |       |     4 |     2 ||     6
Armor: Plate armour      |   132 |   142 |    85 ||   359
Dodge: Dodged            |    17 |    35 |    45 ||    97
Block: Kite shield       |    68 |   134 |   114 ||   316
